 Dungeon Crawl Stone Soup version 0.30-a0-335-ge5acde7520 (webtiles) character file.

Game seed: 11954114281830711468

5126 billz999 the Covert (level 10, -12/63 HPs)
             Began as a Vampire Earth Elementalist on Oct 31, 2022.
             Was a Believer of Dithmenos.
             Mangled by a catoblepas (15 damage)
             ... while petrified by a catoblepas
             ... on level 9 of the Dungeon.
             The game lasted 00:22:46 (9646 turns).

billz999 the Covert (Vampire Earth Elementalist)    Turns: 9646, Time: 00:22:47

Health: -12/63     AC:  4    Str:  7    XL:     10   Next: 32%
Magic:  12/18      EV:  2    Int: 29    God:    Dithmenos [**....]
Gold:   457        SH:  0    Dex: 14    Spells: 8/20 levels left

rFire   . . .      SeeInvis +    c - +11 rapier of Gemeciro {vorpal, rC+ Int+6}
rCold   + . .      Faith    .    (no shield)
rNeg    + + +      Spirit   .    p - +1 robe {Archmagi}
rPois   ∞          Reflect  .    (no helmet)
rElec   .          Harm     .    (no cloak)
rCorr   .          Rampage  .    y - +0 pair of gloves
Will    +....      Archmagi +    (no boots)
Stlth   ++++++....               (no amulet)
HPRegen 0.50/turn                f - ring of flight
MPRegen 0.16/turn                z - +4 ring of evasion

@: petrified, flying, healing quickly, wreathed by umbra
A: alive, fangs 3, see invisible, vampiric 2
a: Exsanguinate, Renounce Religion, Shadow Step


You were on level 9 of the Dungeon.
You worshipped Dithmenos.
Dithmenos was pleased with you.
You visited 2 branches of the dungeon, and saw 10 of its levels.

You collected 617 gold pieces.
You spent 160 gold pieces at shops.

Inventory:

Hand Weapons
 a - a +0 rapier of draining
 c - the +11 rapier of Gemeciro (weapon) {vorpal, rC+ Int+6}
   (You took it off an orc priest on level 8 of the Dungeon)

   It inflicts extra damage upon your enemies.
   Int:       It affects your intelligence (+6).
   rC:        It protects you from cold.
 r - a +5 quarterstaff
 s - a +1 vampiric short sword
 E - a +2 dagger of speed
Armour
 p - a +1 robe of the Archmagi (worn)
 t - a +0 robe
 y - a +0 pair of gloves (worn)
Magical Staves
 B - a staff of death
Jewellery
 f - a ring of flight (left hand)
 z - a +4 ring of evasion (right hand)
Wands
 k - a wand of flame (6)
 w - a wand of quicksilver (4)
 x - a wand of charming (7)
Scrolls
 b - 3 scrolls of enchant armour
 d - 3 scrolls of magic mapping
 h - 8 scrolls of identify
 i - 4 scrolls of poison
 j - a scroll of butterflies
 l - 4 scrolls of immolation
 n - a scroll of vulnerability
 v - 3 scrolls of amnesia
Potions
 e - a potion of flight
 g - a potion of brilliance
 m - a potion of cancellation
 o - 3 potions of might
 u - a potion of invisibility
 A - 3 potions of degeneration {unknown}
 C - a potion of mutation {unknown}
 D - a potion of ambrosia {unknown}


   Skills:
 - Level 5.5 Short Blades
 - Level 2.1 Dodging
 - Level 11.9 Stealth
 + Level 5.8 Spellcasting
 - Level 9.3 Transmutations
 - Level 5.9 Earth Magic
 * Level 3.6 Poison Magic


You had 8 spell levels left.
You knew the following spells:

 Your Spells              Type           Power      Damage    Failure   Level
a - Sandblast             Erth           100%       2d20      1%          1
b - Petrify               Tmut/Erth      68%        N/A       2%          4
c - Stone Arrow           Conj/Erth      76%        3d11      4%          3
d - Olgreb's Toxic Radia  Pois           44%        N/A       13%         4

Your spell library contained the following spells:

 Spells                   Type           Power      Damage    Failure   Level
 Passwall                 Tmut/Erth      56%        N/A       1%          2
 Spider Form              Tmut/Pois      62%        N/A       1%          3
 Ensorcelled Hibernation  Hex/Ice        24%        N/A       9%          2
 Ice Form                 Ice/Tmut       52%        N/A       9%          4
 Frozen Ramparts          Ice            24%        1d4       17%         3
 Anguish                  Hex/Necr       6%         N/A       50%         4
 Summon Ice Beast         Ice/Summ       12%        N/A       50%         4
 Ozocubu's Refrigeration  Ice            6%         4d8       100%        7
 Ignition                 Fire           6%         3d4       100%        8


Dungeon Overview and Level Annotations

Branches:
Dungeon (9/15)             Temple (1/1) D:5
   Lair: D:8-11         Orc: D:9-12

Altars:
Ashenzari
Cheibriados
Dithmenos
Fedhas
Gozag
Hepliaklqana
Kikubaaqudgha
Nemelex Xobeh
Okawaru
Qazlal
Ru
Sif Muna
Trog
Uskayaw
Vehumet
Wu Jian
Xom
Yredelemnul

Shops:
D:2 (   D:6 (*!??


Innate Abilities, Weirdness & Mutations

Your natural rate of healing is accelerated.
You have razor-sharp teeth.
You have supernaturally acute eyesight. (SInv)
You are afflicted with vampirism and can become a bat while bloodless.


Message History

Okay, then.
As you read the scroll of butterflies, it crumbles to dust.
You hear the tinkle of a tiny bell.
The catoblepas misses you.
You swap places.
The catoblepas gores your butterfly!!
Your butterfly dies!
Your butterfly disappears in a burst of colours!
You swap places.
The catoblepas breathes a plume of calcifying dust at you.
The blast of calcifying dust hits your butterfly!
Your butterfly dies!
Your butterfly disappears in a burst of colours!
The blast of calcifying dust hits you.
You are engulfed in calcifying dust.
You are slowing down.
Okay, then.
You are too injured to fight recklessly!
You feel better.
You are engulfed in calcifying dust.
Your limbs are stiffening.
You feel better.
You are engulfed in calcifying dust.
Your limbs have turned to stone.
The catoblepas gores you!!
* * * LOW HITPOINT WARNING * * *
You hear a shout!
You have turned to stone.
You are engulfed in calcifying dust.
The manticore is engulfed in calcifying dust.
The manticore stops moving altogether!
The catoblepas gores you.
* * * LOW HITPOINT WARNING * * *
The cyclops is engulfed in calcifying dust.
The cyclops is moving more slowly.
You are engulfed in calcifying dust.
The catoblepas looks more healthy.
The catoblepas breathes a plume of calcifying dust at you.
The blast of calcifying dust hits you.
* * * LOW HITPOINT WARNING * * *
A boulder beetle comes into view.
The catoblepas gores you.
* * * LOW HITPOINT WARNING * * *
The catoblepas gores you!!
* * * LOW HITPOINT WARNING * * *
The catoblepas gores you!!
You die...

##...........
.........#<..
###..#.#. ###..#.#.#.
###....#.#.#.
###......#.#...
###...†#)..#.###.
###.....###..#....>
#b@##....)#..#.#.#.
#..#Y###......#.#...
#..###H#####....#.###.
#b.. #C#.# ###..#.# #.
.## ##.# ####.# ##
#§#C# #.# #H### #.#
#.# #.# ##.


You could see a catoblepas, a manticore (petrified) and a cyclops (petrifying).

Vanquished Creatures
  Pikel (D:9)
  Sigmund (D:3)
  A wyvern (D:8)
  A yak (D:5)
  A steam dragon (D:7)
  Menkaure (D:7)
  2 acid dragons
  2 water moccasins
  2 orc warriors
  2 sky beasts
  3 ice beasts (D:5)
  2 black bears
  2 ogres (D:5)
  A lemure (D:9)
  6 phantoms
  2 centaurs
  Blork the orc (D:4)
  3 kobold brigands
  A necrophage (D:7)
  6 bullfrogs
  A gnoll sergeant (D:9)
  2 scorpions
  4 wights (D:7)
  An electric eel (D:6)
  3 jellies
  2 hounds (D:4)
  6 orc priests
  4 iguanas (D:5)
  9 orc wizards
  4 adders
  3 shadow imps
  An ufetubus (D:6)
  A worm (D:2)
  2 dart slugs
  38 orcs
  7 ball pythons
  5 bats
  8 endoplasms
  7 giant cockroaches
  12 goblins
  11 hobgoblins
  4 jackals (D:3)
  4 quokkas
  4 frilled lizards
  19 kobolds
  10 rats
213 creatures vanquished.

Vanquished Creatures (others)
  A vampire (D:9)
1 creature vanquished.

Grand Total: 214 creatures vanquished

Notes
Turn   | Place    | Note
-------+----------+-------------------------------------------
     0 | D:1      | billz999 the Vampire Earth Elementalist began the quest for
                  | the Orb.
     0 | D:1      | Reached XP level 1. HP: 13/13 MP: 3/3
   140 | D:1      | Reached XP level 2. HP: 11/19 MP: 0/5
   741 | D:2      | Gained mutation: You are afflicted with vampirism and can
                  | become a bat while bloodless. [Vampire growth]
   741 | D:2      | Reached XP level 3. HP: 24/24 MP: 1/6
   798 | D:2      | Found Musi's Weapon Boutique.
  1163 | D:2      | Reached XP level 4. HP: 25/30 MP: 3/7
  1684 | D:2      | Learned a level 4 spell: Petrify
  2058 | D:3      | Reached skill level 5 in Transmutations
  2304 | D:3      | Reached XP level 5. HP: 35/35 MP: 5/8
  2469 | D:3      | Noticed Sigmund
  2502 | D:3      | HP: 1/33 [orc/+1 flail of draining (2)]
  3042 | D:3      | Killed Sigmund
  3043 | D:3      | Reached XP level 6. HP: 10/41 MP: 0/10
  3547 | D:4      | Reached XP level 7. HP: 33/46 MP: 6/12
  4365 | D:4      | Reached skill level 5 in Earth Magic
  4578 | D:4      | Found a hazy altar of Hepliaklqana.
  4579 | D:4      | Noticed Blork the orc
  4591 | D:4      | Killed Blork the orc
  4592 | D:4      | Reached XP level 8. HP: 51/52 MP: 9/14
  4630 | D:4      | Found a faded altar of an unknown god.
  4880 | D:5      | Entered Level 5 of the Dungeon
  5205 | D:5      | Found a staircase to the Ecumenical Temple.
  5220 | Temple   | Entered the Ecumenical Temple
  5446 | Temple   | Became a worshipper of Dithmenos the Shadowed
  5537 | D:2      | Bought a +0 rapier of draining for 110 gold pieces
  5994 | D:5      | Reached skill level 5 in Spellcasting
  6369 | D:5      | Reached skill level 1 in Short Blades
  6369 | D:5      | Reached skill level 4 in Stealth
  6373 | D:5      | Reached skill level 5 in Stealth
  6374 | D:5      | Reached XP level 9. HP: 33/57 MP: 6/16
  6462 | D:5      | Reached skill level 6 in Stealth
  6584 | D:6      | Reached skill level 7 in Stealth
  6613 | D:6      | Learned a level 3 spell: Stone Arrow
  6623 | D:6      | Found an ancient bone altar of Kikubaaqudgha.
  6647 | D:6      | Found a stormy altar of Qazlal.
  6663 | D:6      | Found Ampuum's Distillery.
  6678 | D:6      | Bought a potion of heal wounds for 50 gold pieces
  6709 | D:6      | Found Yxiem's Antique Weapon Emporium.
  6888 | D:6      | Found Necics's Assorted Antiques.
  7006 | D:6      | Reached skill level 8 in Stealth
  7049 | D:6      | Reached * piety under Dithmenos
  7189 | D:6      | Found Neuraih's Magic Scroll Shoppe.
  7194 | D:6      | Found Qebisaej's Magic Scroll Shoppe.
  7275 | D:6      | Found a sacrificial altar of Ru.
  7370 | D:7      | Reached skill level 9 in Stealth
  7714 | D:7      | Noticed Menkaure
  7724 | D:7      | Killed Menkaure
  7807 | D:7      | Reached skill level 10 in Stealth
  8205 | D:7      | Reached skill level 5 in Short Blades
  8346 | D:7      | Reached skill level 11 in Stealth
  8457 | D:8      | Found an opulent altar of Gozag.
  8726 | D:8      | Identified the +11 rapier of Gemeciro {vorpal, rC+ Int+6}
  8731 | D:8      | Reached XP level 10. HP: 63/63 MP: 6/17
  8821 | D:8      | Learned a level 4 spell: Olgreb's Toxic Radiance
  8947 | D:8      | Reached skill level 1 in Poison Magic
  8997 | D:8      | Reached ** piety under Dithmenos
  9378 | D:8      | Found a blossoming altar of Fedhas.
  9384 | D:8      | Found a broken altar of Ashenzari.
  9398 | D:8      | Found a hide-covered altar of Uskayaw.
  9504 | D:9      | Noticed Pikel
  9511 | D:9      | Killed Pikel
  9629 | D:9      | Noticed a catoblepas
  9630 | D:9      | Noticed a manticore
  9633 | D:9      | Noticed a cyclops
  9643 | D:9      | Noticed a boulder beetle
  9645 | D:9      | HP: 2/63 [catoblepas (10)]
  9646 | D:9      | Mangled by a catoblepas

Illustrated notes

Levels and vault maps discovered:
D:1:      tarquinn_simple_flora_water_a, layout_rooms
D:2:      minmay_inner_zag, layout_basic, serial_shops,
          nicolae_shop_statue_plus, serial_bayou_crossing
D:3:      minmay_thinvault, layout_loops_ring, uniq_sigmund
D:4:      layout_layer_cave, beargit_hepliaklqana_dungeon_heroes
D:5:      layout_loops_ring, temple_pool_b, minivault_5,
          minmay_increasing_density
D:6:      layout_rooms, kennysheep_little_box,
          mainiacjoe_overflow_large_starburst, nicolae_elyvilon_peaceful_grove,
          serial_shops, nicolae_shop_hallway_stairs, nicolae_shop_statue_plus,
          nicolae_shop_crystal, nicolae_shop_waterfront, shop,
          grunt_ministairs_10
D:7:      layout_basic, zin_statuary, uniq_menkaure
D:8:      layout_rooms, lemuel_coloured_pillars_altar,
          mainiacjoe_overflow_big_doors, overflow_temple_1_default,
          enter_bailey_3, minmay_orc_keep
D:9:      minmay_the_grid_triangle_9x9_recursive_2
          [minmay_the_grid_triangle_9x9_prize_special,
          minmay_the_grid_triangle_9x9_pentomino_pain,
          minmay_the_grid_triangle_9x9_checkered,
          minmay_the_grid_triangle_9x9_intruding_spiral], layout_basic,
          minmay_fountain_box, nicolae_blasting_shop, kennysheep_pointless_box,
          uniq_pikel, uniq_grum, uniq_harold, uniq_psyche, uniq_erica
Temple:   minmay_temple_curvy_loop

Skill      XL: |  1  2  3  4  5  6  7  8  9 10 |
---------------+-------------------------------+-----
Transmutations | 2 3 4 5 6 8 9 |  9.3
Spellcasting   | 3 4 5 |  5.8
Earth Magic    | 4 5 |  5.9
Short Blades   | 2 5 |  5.5
Stealth        | 5 11 | 11.9
Poison Magic   | 3 |  3.6
Dodging        | |  2.1

Action                   |  1- 3 |  4- 6 |  7- 9 | 10-12 || total
-------------------------+-------+-------+-------+-------++-------
Melee: Dagger            |    23 |    15 |    98 |       ||   136
       Bite              |     2 |     2 |    30 |     6 ||    40
       Punch             |     1 |       |     2 |       ||     3
       Short sword       |       |       |    61 |       ||    61
       Quarterstaff      |       |       |    12 |       ||    12
       Rapier            |       |       |    10 |    38 ||    48
 Cast: Sandblast         |    50 |    92 |    91 |     9 ||   242
       Petrify           |       |       |    50 |    14 ||    64
       Olgreb's Toxic Ra |       |       |       |     1 ||     1
Evoke: Wand              |       |     6 |     7 |     3 ||    16
  Use: Scroll            |     3 |     1 |     8 |     1 ||    13
       Potion            |       |     5 |     2 |     3 ||    10
 Stab: Sleeping          |     2 |     1 |     8 |    10 ||    21
       Petrified         |       |       |   108 |     5 ||   113
       Petrifying        |       |       |     4 |     1 ||     5
Armor: Robe              |     7 |     5 |    36 |     4 ||    52
Dodge: Dodged            |    29 |    42 |   100 |    23 ||   194

Table legend: (Time is in decaauts)
 A = Elapsed time spent in this place.
 B = Non-inter-level travel time spent in this place.
 C = Inter-level travel time spent in this place.
 D = Time resting spent in this place.
 E = Time spent auto-exploring this place.
 F = Levels seen in this place.
 G = Mean time per level.
                   A        B        C        D        E       F      G
               +--------+--------+--------+--------+--------+-----+--------+
         Total |   9750 |   9217 |    533 |    212 |   7449 |  10 |  975.0 |
       Dungeon |   9507 |   9025 |    482 |    212 |   7262 |   9 | 1056.3 |
        Temple |    243 |    192 |     51 |      0 |    187 |   1 |  243.0 |
               +--------+--------+--------+--------+--------+-----+--------+

Top non-repeatable levels by time:
     D:4: 1649 daAuts
     D:3: 1629 daAuts
     D:5: 1385 daAuts
     D:2: 1145 daAuts
     D:8: 1092 daAuts
     D:7: 1074 daAuts
     D:6: 755 daAuts
     D:1: 623 daAuts
  Temple: 243 daAuts
     D:9: 151 daAuts
